 Dungeon Crawl Stone Soup version 0.30-a0-6-g7c9e10e132 (webtiles) character file.

Game seed: 11711040741550015033

200 themarg the Grasshopper (level 5, -2/37 (43) HPs)
             Began as a Gnoll Wanderer on Aug 22, 2022.
             Was an Initiate of Gozag.
             Slain by a necrophage (3 damage)
             ... on level 3 of the Dungeon.
             The game lasted 00:12:12 (3594 turns).

themarg the Grasshopper (Gnoll Wanderer)            Turns: 3594, Time: 00:12:13

HP:   -2/37 (43)    AC:  2    Str: 11    XL:     5   Next: 78%
MP:   9/9           EV: 12    Int: 12    God:    Gozag
Gold: 260           SH:  0    Dex: 13    Spells: 9/10 levels left

rFire   . . .      SeeInvis .    i - +2 short sword (drain)
rCold   . . .      Faith    .    (no shield)
rNeg    . . .      Spirit   .    e - +0 robe
rPois   .          Reflect  .    (no helmet)
rElec   .          Harm     .    (no cloak)
rCorr   .          Rampage  .    (no gloves)
Will    .....                    (no boots)
Stlth   +++.......               (no amulet)
HPRegen 0.12/turn                (no ring)
MPRegen 0.11/turn                (no ring)

@: heavily drained
A: fangs 1, strong nose, distributed training
a: Renounce Religion, Potion Petition, Call Merchant, Bribe Branch


You were on level 3 of the Dungeon.
You worshipped Gozag.
Gozag was aware of your devotion.
You visited 1 branch of the dungeon, and saw 3 of its levels.

You collected 305 gold pieces.
You paid 45 gold pieces to Gozag.

Inventory:

Hand Weapons
 i - a +2 short sword of draining (weapon)
Missiles
 b - 11 boomerangs
 m - 4 silver boomerangs
Armour
 e - a +0 robe (worn)
Wands
 o - a wand of flame (12) (quivered)
Scrolls
 a - a scroll of blinking {unknown}
 d - a scroll of fog
 f - a scroll of magic mapping {unknown}
 g - 5 scrolls of identify {unknown}
 h - a scroll of immolation {unknown}
 j - a scroll of noise {unknown}
 k - a scroll of amnesia {unknown}
 l - a scroll of brand weapon {unknown}
Potions
 c - 2 potions of curing
 p - a potion of resistance {unknown}
 q - a potion of attraction {unknown}
 r - a potion of flight {unknown}


   Skills:
 + Level 4.9 Fighting
 + Level 1.7 Short Blades
 + Level 1.7 Long Blades
 + Level 1.7 Axes
 + Level 1.7 Maces & Flails
 + Level 1.7 Polearms
 + Level 1.7 Staves
 + Level 1.7 Ranged Weapons
 + Level 4.9 Throwing
 + Level 1.7 Armour
 + Level 1.7 Dodging
 + Level 4.5 Stealth
 + Level 1.7 Shields
 + Level 1.7 Unarmed Combat
 + Level 3.3 Spellcasting
 + Level 1.3 Conjurations
 + Level 1.3 Hexes
 + Level 1.3 Summonings
 + Level 1.3 Necromancy
 + Level 5.6 Translocations
 + Level 1.3 Transmutations
 + Level 1.3 Fire Magic
 + Level 1.3 Ice Magic
 + Level 1.3 Air Magic
 + Level 1.3 Earth Magic
 + Level 1.3 Poison Magic
 + Level 1.9 Invocations
 + Level 1.7 Evocations


You had 9 spell levels left.
You knew the following spells:

 Your Spells              Type           Power      Damage    Failure   Level
a - Apportation           Tloc           30%        N/A       2%          1

Your spell library contained the following spells:

 Spells                   Type           Power      Damage    Failure   Level
 Gell's Gravitas          Tloc           15%        N/A       7%          3
 Shock                    Conj/Air       20%        1d4       14%         1
 Portal Projectile        Hex/Tloc       20%        N/A       17%         3
 Conjure Flame            Conj/Fire      5%         6-21      38%         3
 Ignite Poison            Fire/Tmut/Pois 5%         N/A       38%         3
 Ozocubu's Armour         Ice            5%         N/A       38%         3
 Swiftness                Air            5%         N/A       38%         3
 Airstrike                Air            2%         2d(1-17)  80%         4
 Sticky Flame             Conj/Fire      5%         2d3       80%         4
 Ozocubu's Refrigeration  Ice            2%         4d8       100%        7


Dungeon Overview and Level Annotations

Branches:
Dungeon (3/15)

Altars:
Cheibriados
Gozag
Makhleb
Nemelex Xobeh
Sif Muna

Annotations:
D:3 Grinder


Innate Abilities, Weirdness & Mutations

You have very sharp teeth.
Your uncanny sense of smell can sniff out nearby items.
Your experience applies equally to all skills.


Message History

The kobold is no longer distracted by gold.
The necrophage closely misses you.
You hit the necrophage.
The necrophage is moderately damaged.
The necrophage hits you.
You hit the necrophage.
The necrophage is moderately damaged.
The necrophage hits you but does no damage.
You closely miss the necrophage. Your bite misses the necrophage.
The necrophage is moderately damaged.
The necrophage completely misses you.
You hit the necrophage.
The necrophage is heavily damaged.
The necrophage hits you.
You feel drained.
You closely miss the necrophage.
The necrophage is heavily damaged.
The necrophage barely misses you.
You hit the necrophage.
The necrophage is severely damaged.
The necrophage hits you.
* * * LOW HITPOINT WARNING * * *
You feel drained.
* * * LOW HITPOINT WARNING * * *
The necrophage attacks as you move away!
The necrophage closely misses you.
The necrophage attacks as you move away!
The necrophage hits you but does no damage.
The necrophage attacks as you move away!
The necrophage barely misses you.
The necrophage attacks as you move away!
The necrophage hits you.
* * * LOW HITPOINT WARNING * * *
You feel drained.
* * * LOW HITPOINT WARNING * * *
The necrophage attacks as you move away!
The necrophage hits you.
* * * LOW HITPOINT WARNING * * *
You feel drained.
You die...
Your body crumbles into a pile of gold.

........#######'#............#
.....#....[#.................#
.....##.##...................#
.....##.###..................#
.....##K# ##.................#
.....##$####.K...............#
...........#.................#
...........####n.............#
...........# #.@..###########
#####......# ###..## #......#
#..># .........# ###)#
####......# #)# #......# #.#
#......# #.# #......# #.#
#......# #.#


You could see a necrophage and a kobold.

Vanquished Creatures
  An orc priest (D:3)
  An orc wizard (D:3)
  Robin (D:3)
  5 adders
  2 worms (D:2)
  3 orcs (D:3)
  3 endoplasms
  3 giant cockroaches (D:2)
  16 goblins
  7 hobgoblins
  7 jackals
  3 quokkas
  7 ball pythons
  8 bats
  3 frilled lizards
  5 kobolds
  5 rats
80 creatures vanquished.

Notes
Turn   | Place    | Note
-------+----------+-------------------------------------------
     0 | D:1      | themarg the Gnoll Wanderer began the quest for the Orb.
     0 | D:1      | themarg set off with the following items: a +0 dagger, 8
                  | boomerangs, a potion of curing, a scroll of fog, a +0 robe;
                  | and the following spell memorised: Apportation; and the
                  | following spells available to memorise: Gell's Gravitas,
                  | Portal Projectile.
     0 | D:1      | Reached XP level 1. HP: 20/20 MP: 4/4
   364 | D:1      | Reached XP level 2. HP: 23/26 MP: 5/5
  1444 | D:2      | Reached XP level 3. HP: 30/31 MP: 7/7
  1521 | D:2      | Reached skill level 1 in Invocations
  1570 | D:2      | Reached skill level 1 in Short Blades
  1570 | D:2      | Reached skill level 1 in Long Blades
  1570 | D:2      | Reached skill level 1 in Axes
  1570 | D:2      | Reached skill level 1 in Maces & Flails
  1570 | D:2      | Reached skill level 1 in Polearms
  1570 | D:2      | Reached skill level 1 in Staves
  1570 | D:2      | Reached skill level 1 in Ranged Weapons
  1570 | D:2      | Reached skill level 1 in Armour
  1570 | D:2      | Reached skill level 1 in Dodging
  1570 | D:2      | Reached skill level 1 in Shields
  1570 | D:2      | Reached skill level 1 in Unarmed Combat
  1570 | D:2      | Reached skill level 1 in Evocations
  1671 | D:2      | Reached XP level 4. HP: 36/38 MP: 8/8
  1778 | D:2      | Found a snail-covered altar of Cheibriados.
  2108 | D:2      | Reached skill level 1 in Conjurations
  2108 | D:2      | Reached skill level 1 in Hexes
  2108 | D:2      | Reached skill level 1 in Summonings
  2108 | D:2      | Reached skill level 1 in Necromancy
  2108 | D:2      | Reached skill level 1 in Transmutations
  2108 | D:2      | Reached skill level 1 in Fire Magic
  2108 | D:2      | Reached skill level 1 in Ice Magic
  2108 | D:2      | Reached skill level 1 in Air Magic
  2108 | D:2      | Reached skill level 1 in Earth Magic
  2108 | D:2      | Reached skill level 1 in Poison Magic
  2172 | D:3      | Found a burning altar of Makhleb.
  2173 | D:3      | Found a shimmering blue altar of Sif Muna.
  2174 | D:3      | Found a sparkling altar of Nemelex Xobeh.
  2175 | D:3      | Found an opulent altar of Gozag.
  2179 | D:3      | Became a worshipper of Gozag Ym Sagoz the Greedy
  2312 | D:3      | Noticed Grinder
  2314 | D:3      | Paralysed by Grinder for 3 turns
  2323 | D:3      | Noticed Robin
  2602 | D:3      | Killed Robin
  2618 | D:3      | Paralysed by Grinder for 5 turns
  3040 | D:3      | Reached XP level 5. HP: 42/43 MP: 9/9
  3360 | D:3      | HP: 2/43 [orc priest/divine providence (16)]
  3594 | D:3      | HP: 1/39 [necrophage (6)]
  3594 | D:3      | Slain by a necrophage

Illustrated notes

Levels and vault maps discovered:
D:1:      dpeg_arrival_tiny_g, layout_loops_ring
D:2:      layout_loops_ring, basic_altar, minmay_tetromino_i2
D:3:      layout_basic, mainiacjoe_overflow_alcove_3, uniq_grinder, uniq_robin

Skill      XL: |  1  2  3  4 |
---------------+-------------+-----
Invocations    | 1 |  1.9
Short Blades   | 1 |  1.7
Long Blades    | 1 |  1.7
Axes           | 1 |  1.7
Maces & Flails | 1 |  1.7
Polearms       | 1 |  1.7
Staves         | 1 |  1.7
Ranged Weapons | 1 |  1.7
Armour         | 1 |  1.7
Dodging        | 1 |  1.7
Shields        | 1 |  1.7
Unarmed Combat | 1 |  1.7
Evocations     | 1 |  1.7
Spellcasting   | 3 |  3.3
Conjurations   | 1 |  1.3
Hexes          | 1 |  1.3
Summonings     | 1 |  1.3
Necromancy     | 1 |  1.3
Transmutations | 1 |  1.3
Fire Magic     | 1 |  1.3
Ice Magic      | 1 |  1.3
Air Magic      | 1 |  1.3
Earth Magic    | 1 |  1.3
Poison Magic   | 1 |  1.3
Fighting       | |  4.9
Throwing       | |  4.9
Stealth        | |  4.5
Translocations | |  5.6

Action                   |  1- 3 |  4- 6 || total
-------------------------+-------+-------++-------
Melee: Dagger            |    20 |       ||    20
       Short sword       |    95 |   130 ||   225
       Bite              |     7 |    16 ||    23
       Punch             |     1 |     1 ||     2
Throw: Boomerang         |     4 |       ||     4
Evoke: Wand              |       |     3 ||     3
  Use: Potion            |       |     4 ||     4
 Stab: Sleeping          |     8 |     5 ||    13
       Distracted        |     1 |     1 ||     2
Armor: Robe              |    31 |    38 ||    69
Dodge: Dodged            |    65 |    80 ||   145

Table legend: (Time is in decaauts)
 A = Elapsed time spent in this place.
 B = Non-inter-level travel time spent in this place.
 C = Inter-level travel time spent in this place.
 D = Time resting spent in this place.
 E = Time spent auto-exploring this place.
 F = Levels seen in this place.
 G = Mean time per level.
                   A        B        C        D        E       F      G
               +--------+--------+--------+--------+--------+-----+--------+
         Total |   3608 |   3537 |     71 |   1405 |   1081 |   3 | 1202.7 |
       Dungeon |   3608 |   3537 |     71 |   1405 |   1081 |   3 | 1202.7 |
               +--------+--------+--------+--------+--------+-----+--------+

Top non-repeatable levels by time:
     D:2: 1361 daAuts
     D:1: 1313 daAuts
     D:3: 934 daAuts
